 Dungeon Crawl Stone Soup version 0.29-a0-559-g359e09b9d1 (webtiles) character file.

Game seed: 13437230440262796183

301 raistware the Digger (level 6, -2/43 HPs)
             Began as a Human Earth Elementalist on June 9, 2022.
             Slain by a hobgoblin (3 damage)
             ... on level 4 of the Dungeon.
             The game lasted 00:05:52 (3733 turns).

raistware the Digger (Human Earth Elementalist)     Turns: 3733, Time: 00:05:53

Health: -2/43      AC:  2    Str:  8    XL:     6   Next: 64%
Magic:  7/11       EV: 12    Int: 18    God:
Gold:   128        SH:  0    Dex: 13    Spells: 2/12 levels left

rFire   . . .      SeeInvis .   m - +2 spear (venom)
rCold   . . .      Faith    .   (no shield)
rNeg    . . .      Spirit   .   b - +0 robe
rPois   .          Reflect  .   (no helmet)
rElec   .          Harm     .   (no cloak)
rCorr   .          Rampage  .   (no gloves)
Will    .....                   (no boots)
Stlth   ++........              (no amulet)
HPRegen 0.14/turn               (no ring)
MPRegen 0.12/turn               (no ring)

@: no status effects
A: no striking features
a: no special abilities


You were on level 4 of the Dungeon.
You visited 1 branch of the dungeon, and saw 4 of its levels.

You collected 128 gold pieces.

Inventory:

Hand Weapons
 m - a +2 spear of venom (weapon)
Missiles
 a - 119 stones
Armour
 b - a +0 robe (worn)
Jewellery
 f - a +6 ring of dexterity
Scrolls
 c - a scroll of amnesia {unknown}
 h - a scroll of vulnerability {unknown}
 j - 2 scrolls of immolation {unknown}
 k - a scroll of fog {unknown}
 l - a scroll of fear {unknown}
 n - a scroll of poison {unknown}
 p - a scroll of summoning {unknown}
 q - a scroll of teleportation {unknown}
 s - 2 scrolls of identify {unknown}
Potions
 d - 3 potions of mutation {unknown}
 e - a potion of heal wounds {unknown}
 g - 2 potions of berserk rage {unknown}
 i - a potion of flight {unknown}
 o - a potion of attraction {unknown}
 r - a potion of haste {unknown}


   Skills:
 - Level 1.0 Fighting
 - Level 2.0 Dodging
 + Level 2.6 Stealth
 * Level 3.8 Spellcasting
 + Level 1.7 Conjurations
 - Level 2.0 Transmutations
 * Level 4.6 Earth Magic


You had 2 spell levels left.
You knew the following spells:

 Your Spells              Type           Power      Damage    Failure   Level
a - Sandblast             Erth           40%        2d10      2%          1
b - Passwall              Tmut/Erth      12%        N/A       6%          2
c - Stone Arrow           Conj/Erth      28%        3d8       12%         3
d - Petrify               Tmut/Erth      15%        N/A       36%         4

Your spell library contained the following spells:

 Spells                   Type           Power      Damage    Failure   Level
 Necrotize                Necr           12%        1d4       16%         1
 Vampiric Draining        Necr           3%         2d6       41%         3
 Agony                    Necr           3%         N/A       99%         5


Dungeon Overview and Level Annotations

Branches:
Dungeon (4/15)
 Temple: D:4-7

Altars:

Shops:
D:4 *:


Message History

The jackal attacks as you move away! The jackal misses you.
The jackal bites you.
* * * LOW HITPOINT WARNING * * *
Casting: Sandblast (safe; 2% risk of failure)
Confirm with . or Enter, or press ? or * to list all spells.
Aiming: Sandblast (safe; 2% risk of failure)
Press: ? - help, Shift-Dir - straight line, f - howler monkey
Aim: a howler monkey (almost dead, very poisoned, catching its breath, 77% to hit)
The blast of sand misses the howler monkey.
The jackal barely misses you. The howler monkey hits you.
* * * LOW HITPOINT WARNING * * *
The jackal misses you.
Casting: Sandblast (safe; 2% risk of failure)
Confirm with . or Enter, or press ? or * to list all spells.
Aiming: Sandblast (safe; 2% risk of failure)
Press: ? - help, Shift-Dir - straight line, f/p - howler monkey
Aim: a howler monkey (almost dead, poisoned, 77% to hit)
The blast of sand hits the howler monkey!
You kill the howler monkey!
The jackal misses you.
Training target 1.0 for Fighting reached!
Your Fighting skill increases to level 1!
Casting: Sandblast (safe; 2% risk of failure)
Confirm with . or Enter, or press ? or * to list all spells.
Aiming: Sandblast (safe; 2% risk of failure)
Press: ? - help, Shift-Dir - straight line, f - jackal
Aim: a jackal (76% to hit)
The blast of sand hits the jackal.
You kill the jackal!
The hobgoblin hits you but does no damage.
Unknown command.
Casting: Sandblast (safe; 2% risk of failure)
Confirm with . or Enter, or press ? or * to list all spells.
Aiming: Sandblast (safe; 2% risk of failure)
Press: ? - help, Shift-Dir - straight line, f - orc
Aim: an orc, wielding a +0 club (81% to hit)
The blast of sand misses the orc.
The blast of sand hits the orc but does no damage.
The hobgoblin hits you.
You die...

.. ....$.. . ##.......
#.#........ .#........
.o....... #)o..)... #.##.
#...# .....######o.###
#....#...@oo...###
#.........g......##
#..................
#................#. # # #
#..........##.## .#.## #.
#####.......##..#......
##.##..<....#......##...#
#.^....###...##........#..
#......###.................


You could see 3 orcs and a hobgoblin.

Vanquished Creatures
  A sky beast (D:4)
  A howler monkey (D:4)
  Jessica (D:3)
  7 adders
  2 dart slugs (D:1)
  2 worms
  2 orcs
  5 bats (D:1)
  3 endoplasms
  2 giant cockroaches
  6 goblins
  6 hobgoblins
  2 jackals (D:4)
  6 quokkas
  9 ball pythons
  5 frilled lizards
  6 kobolds
  5 rats
71 creatures vanquished.

Vanquished Creatures (others)
  2 plants (D:2)
2 creatures vanquished.

Grand Total: 73 creatures vanquished

Notes
Turn   | Place    | Note
-------+----------+-------------------------------------------
     0 | D:1      | raistware the Human Earth Elementalist began the quest for
                  | the Orb.
     0 | D:1      | Reached XP level 1. HP: 13/13 MP: 3/3
   288 | D:1      | Reached XP level 2. HP: 8/19 MP: 0/5
   520 | D:1      | Learned a level 2 spell: Passwall
  1127 | D:1      | Reached XP level 3. HP: 24/24 MP: 2/6
  1131 | D:1      | Learned a level 3 spell: Stone Arrow
  1643 | D:2      | Reached XP level 4. HP: 15/30 MP: 0/8
  2784 | D:3      | Reached skill level 4 in Earth Magic
  2784 | D:3      | Reached XP level 5. HP: 32/35 MP: 5/9
  2789 | D:3      | Learned a level 4 spell: Petrify
  2835 | D:3      | Reached skill level 1 in Conjurations
  3036 | D:3      | Noticed Jessica
  3041 | D:3      | Killed Jessica
  3632 | D:4      | Noticed a sky beast
  3638 | D:4      | Killed a sky beast
  3639 | D:4      | Reached XP level 6. HP: 35/42 MP: 5/11
  3642 | D:4      | Found Okodoore's Book Shoppe.
  3718 | D:4      | Found Pakhlip's Assorted Antiques.
  3730 | D:4      | HP: 1/42 [howler monkey (3)]
  3732 | D:4      | Reached skill level 1 in Fighting
  3733 | D:4      | Slain by a hobgoblin

Illustrated notes

Levels and vault maps discovered:
D:1:      minmay_arrival_radiant_lines, layout_rooms
D:2:      layout_basic, corexii_shack, kennysheep_cross_bottleneck
D:3:      layout_loops_ring, minmay_misc_feat_encased, grunt_ministairs_10,
          nicolae_figureground_pulse, uniq_jessica
D:4:      layout_cave_pools, serial_shops, shop, nicolae_take_the_stairs,
          minmay_misc_feat_tiny, minmay_misc_feat_five, minmay_misc_feat_hallway

Skill      XL: |  1  2  3  4  5  6 |
---------------+-------------------+-----
Spellcasting   | 3 |  3.8
Earth Magic    | 4 |  4.6
Conjurations   | 1 |  1.7
Transmutations | 2 |  2.0
Fighting       | 1 |  1.0
Dodging        | |  2.0
Stealth        | |  2.6

Action                   |  1- 3 |  4- 6 || total
-------------------------+-------+-------++-------
Melee: Unarmed           |    26 |     1 ||    27
       Spear             |       |    76 ||    76
 Cast: Sandblast         |    45 |    25 ||    70
       Stone Arrow       |     1 |     5 ||     6
  Use: Potion            |     1 |       ||     1
 Stab: Sleeping          |       |     3 ||     3
Armor: Robe              |    20 |    10 ||    30
Dodge: Dodged            |    37 |    53 ||    90

Table legend: (Time is in decaauts)
 A = Elapsed time spent in this place.
 B = Non-inter-level travel time spent in this place.
 C = Inter-level travel time spent in this place.
 D = Time resting spent in this place.
 E = Time spent auto-exploring this place.
 F = Levels seen in this place.
 G = Mean time per level.
                   A        B        C        D        E       F      G
               +--------+--------+--------+--------+--------+-----+--------+
         Total |   3739 |   3636 |    103 |      0 |   3199 |   4 |  934.8 |
       Dungeon |   3739 |   3636 |    103 |      0 |   3199 |   4 |  934.8 |
               +--------+--------+--------+--------+--------+-----+--------+

Top non-repeatable levels by time:
     D:1: 1339 daAuts
     D:2: 1227 daAuts
     D:3: 954 daAuts
     D:4: 218 daAuts
